 Dungeon Sprint DCSS version 0.31-a0-859-g9dce7d3444 (webtiles) character file.

Game seed: 8210129740967351170

891 sircluck the Grappler (level 7, -2/81 HPs)
             Began as a Troll Berserker on Oct 9, 2023.
             Was a Believer of Trog.
             Slain by a centaur warrior (7 damage)
             ... in the Dungeon (Sprint I: "Red Sonja").
             The game lasted 00:00:28 (141 turns).

sircluck the Grappler (Troll Berserker)              Turns: 141, Time: 00:00:29

Health: -2/81      AC:  4    Str: 28    XL:     7   Next: 77%
Magic:  6/6        EV: 12    Int:  3    God:    Trog [**....]
Gold:   162        SH:  0    Dex:  9    Spells: 6/6 levels left

rFire   . .          .
                       - Unarmed
rCold   . . .        (no shield)
rNeg    . . .        a - +0 animal skin
rPois   .            (helmet restricted)
rElec   .            (no cloak)
rCorr   .            (gloves unavailable)
SInv    .            (boots unavailable)
Will    .....        (no amulet)
Stlth   +            (no ring)
HPRegen 1.13/turn    (no ring)
MPRegen 0.10/turn

%: no teleportation
@: on berserk cooldown, slowed, very slow
A: large, unfitting armour, claws 3, regeneration 1, shaggy fur 1, tough skin 1
a: Renounce Religion, Berserk, Trog's Hand


You were in the Dungeon.
You worshipped Trog.
Trog was pleased with you.
You visited 1 branch You collected 162 gold pieces.

Inventory:

Armour
 a - a +0 animal skin (worn)
Wands
 h - a wand of flame (16)
Scrolls
 g - a scroll of blinking
 i - a scroll of brand weapon {unknown}
Potions
 b - a potion of curing
 c - a potion of heal wounds
 d - a potion of haste
 e - 2 potions of magic
 f - a potion of berserk rage


   Skills:
 + Level 8.8 Fighting
 + Level 8.7 Dodging
 + Level 10.4 Unarmed Combat


You had 6 spell levels left.
You didn't know any spells.
Your spell library was empty.

Dungeon Overview and Level Annotations

Branches:
Dungeon (1/1)

Altars:
Sif Muna
Vehumet
Wu Jian


Innate Abilities, Weirdness & Mutations

You are too large for most types of armour.
You have claws for hands.
Your natural rate of healing is unusually fast.
You are covered in fur. (AC +1)
You have tough skin. (AC +1)


Message History

Your Fighting skill gained 2 levels and is now at level 8!
Your Dodging skill gained 2 levels and is now at level 8!
Your Unarmed Combat skill gained 2 levels and is now at level 10!
You have reached level 7!
You claw the centaur warrior! You claw the centaur warrior.
The centaur warrior is lightly wounded.
You are no longer berserk.
You are exhausted.
You feel yourself slow down.
You claw the centaur warrior! You claw the centaur warrior.
The centaur warrior is moderately wounded.
The centaur warrior hits you!
The centaur warrior kicks you but does no damage.
The centaur warrior hits you! The centaur warrior kicks you.
You claw the centaur warrior!
The centaur warrior is severely wounded.
The centaur warrior hits you!
* * * LOW HITPOINT WARNING * * *
The centaur warrior kicks you but does no damage.
The centaur warrior hits you.
* * * LOW HITPOINT WARNING * * *
The centaur warrior misses you.
Unknown command.
Unknown command.
You closely miss the centaur warrior.
The centaur warrior is severely wounded.
The centaur warrior hits you!
* * * LOW HITPOINT WARNING * * *
The centaur warrior kicks you.
* * * LOW HITPOINT WARNING * * *
The centaur warrior hits you!
* * * LOW HITPOINT WARNING * * *
The centaur warrior kicks you but does no damage.
Unknown command.
Unknown command.
Unknown command.
You claw the centaur warrior!
The centaur warrior is almost dead.
The centaur warrior hits you!
You die...

#############
#..)..#..'..#
').#..').#..+
#####'#####'#
#### # #..#
#)####§§# #
####
##.#~§§§§# #
#_.'§~§@§+ #
+..._#~~§§c#
#
#_.#+##+####
##+


You could see a centaur warrior.

Vanquished Creatures
  A centaur warrior (D)
  Sigmund (D)
  An ogre (D)
  A jelly (D)
  Ijyb (D)
5 creatures vanquished.

Notes
Turn   | Place    | Note
-------+----------+-------------------------------------------
     0 | D        | sircluck the Troll Berserker began the quest for the Orb.
     0 | D        | Reached XP level 1. HP: 22/22 MP: 0/0
     1 | D        | Noticed Ijyb
    11 | D        | Killed Ijyb
    12 | D        | Reached skill level 4 in Unarmed Combat
    12 | D        | Reached XP level 2. HP: 11/32 MP: 1/1
    33 | D        | Noticed an ogre
    37 | D        | Killed an ogre
    38 | D        | Reached skill level 5 in Fighting
    38 | D        | Reached skill level 5 in Dodging
    38 | D        | Reached skill level 6 in Unarmed Combat
    38 | D        | Reached XP level 3. HP: 4/42 MP: 2/2
    38 | D        | Reached XP level 4. HP: 5/50 MP: 3/3
    91 | D        | Noticed Sigmund
    97 | D        | Killed Sigmund
    97 | D        | Reached ** piety under Trog
    98 | D        | Reached skill level 7 in Unarmed Combat
    98 | D        | Reached XP level 5. HP: 57/61 MP: 4/4
    98 | D        | Reached XP level 6. HP: 64/68 MP: 5/5
   115 | D        | Found an ornate altar of the Wu Jian Council.
   115 | D        | Found a shimmering blue altar of Sif Muna.
   117 | D        | Found a radiant altar of Vehumet.
   120 | D        | Reached skill level 8 in Unarmed Combat
   126 | D        | Noticed a centaur warrior
   126 | D        | Noticed a centaur warrior
   136 | D        | Killed a centaur warrior
   137 | D        | Reached skill level 10 in Unarmed Combat
   137 | D        | Reached XP level 7. HP: 81/81 MP: 6/6
   140 | D        | HP: 3/81 [centaur warrior (8)]
   141 | D        | Slain by a centaur warrior

Illustrated notes

Levels and vault maps discovered:
D:        dungeon_sprint_1 [red_sonja_temple_1, red_sonja_temple_small_1]

Skill      XL: |  1  2  3  4  5  6 |
---------------+-------------------+-----
Fighting       | 3 5 6 8 |  8.8
Dodging        | 3 5 6 8 |  8.7
Unarmed Combat | 4 6 7 10 | 10.4

Action                     |  1- 3 |  4- 6 |  7- 9 || total
---------------------------+-------+-------+-------++-------
  Melee: Unarmed           |    12 |     9 |     5 ||    26
         Punch             |       |     2 |     2 ||     4
 Invoke: Berserk           |       |     1 |       ||     1
  Evoke: Wand              |     1 |     1 |       ||     2
 Armour: Animal skin       |    10 |    12 |    12 ||    34
  Dodge: Dodged            |       |     7 |     1 ||     8

Table legend: (Time is in decaauts)
 A = Elapsed time spent in this place.
 B = Non-inter-level travel time spent in this place.
 C = Inter-level travel time spent in this place.
 D = Time resting spent in this place.
 E = Time spent auto-exploring this place.
 F = Levels seen in this place.
 G = Mean time per level.
                   A        B        C        D        E       F      G
               +--------+--------+--------+--------+--------+-----+--------+
         Total |    137 |    137 |      0 |      0 |     96 |   1 |  137.0 |
       Dungeon |    137 |    137 |      0 |      0 |     96 |   1 |  137.0 |
               +--------+--------+--------+--------+--------+-----+--------+

Top non-repeatable levels by time:
       D: 137 daAuts
